 Dungeon Crawl Stone Soup version 0.22-a0-618-gd6a3efe (webtiles) character file.

5779 sking99 the Martial Artist (level 10, -8/69 HPs)
             Began as an Octopode Transmuter on July 13, 2018.
             Was an Elder of Wu Jian.
             Mangled by a cyan ugly thing (14 damage)
             ... on level 11 of the Dungeon.
             The game lasted 00:22:57 (10314 turns).

sking99 the Martial Artist (Octopode Transmuter)   Turns: 10314, Time: 00:22:59

Health: -8/69      AC:  2    Str:  9    XL:     10   Next: 78%
Magic:  6/13       EV: 26    Int: 17    God:    Wu Jian [****..]
Gold:   546        SH:  0    Dex: 20    Spells: 3/13 levels left

rFire    . . .     SeeInvis .     - Unarmed
rCold    . . .     Gourm    +   (shield currently unavailable)
rNeg     + . .     Faith    .   (helmet currently unavailable)
rPois    x         Spirit   .   y - amulet of the gourmand
rElec    .         Reflect  .   m - ring of resist corrosion
rCorr    +         Harm     .   q - ring of positive energy
MR       .....                  (no ring)
Stlth    ++........             (no ring)
HPRegen  0.21/turn              (no ring)
MPRegen  0.13/turn              (no ring)
                                (no ring)
                                (no ring)

@: lethally poisoned (-8 -> -46), spider-form, very slightly contaminated
A: tiny, almost no armour, stealthy swim, (amphibious), 8 rings, (constrict 8)
a: End Transformation, Wall Jump, Serpent's Lash, Renounce Religion


You were on level 11 of the Dungeon.
You worshipped Wu Jian.
Wu Jian was greatly pleased with you.
You were full.
You were a venomous arachnid creature.
You visited 1 branch of the dungeon, and saw 9 of its levels.

You collected 546 gold pieces.

Inventory:

Missiles
 a - 139 arrows
Jewellery
 e - an uncursed amulet of rage
 m - a ring of resist corrosion (left front leg)
 q - a ring of positive energy (right front leg)
 y - an amulet of the gourmand (around neck)
Wands
 r - a wand of acid (7)
 s - a wand of polymorph (21)
 u - a wand of enslavement (18)
 w - a wand of random effects (18)
 x - a wand of iceblast (10)
 A - a wand of flame (28)
Scrolls
 b - 4 scrolls of magic mapping
 h - 3 scrolls of teleportation
 l - 8 scrolls of remove curse
 n - a scroll of fog
 z - a scroll of enchant weapon
 B - a scroll of acquirement {unknown}
Potions
 d - 2 potions of flight
 f - a potion of heal wounds {unknown}
 g - 2 potions of mutation {unknown}
 i - 2 potions of resistance
 j - a potion of might
 k - 3 potions of lignification
 o - a potion of brilliance {unknown}
 p - a potion of ambrosia {unknown}
 v - 4 potions of magic {unknown}
 C - a potion of haste {unknown}
Comestibles
 c - 15 rations


   Skills:
 + Level 6.9 Fighting
 + Level 6.8 Dodging
 * Level 11.3 Unarmed Combat
 - Level 2.0 Spellcasting
 - Level 3.1 Hexes
 + Level 4.6 Transmutations
 + Level 1.7 Ice Magic
 - Level 2.0 Poison Magic


You had 3 spell levels left.
You knew the following spells:

 Your Spells              Type           Power        Failure   Level  Hunger
a - Confusing Touch       Hex            ##....       16%         1    #......
b - Sticks to Snakes      Tmut           ###.....     13%         2    ###....
c - Spider Form           Tmut/Pois      ##........   34%         3    ###....
d - Ice Form              Ice/Tmut       ##......     67%         4    #####..

Your spell library contained the following spells:

 Spells                   Type           Power        Failure   Level  Hunger
 Confuse                  Hex            ##......     34%         3    ###....
 Blade Hands              Tmut           ###.......   82%         5    ######.
 Metabolic Englaciation   Hex/Ice        #.........   97%         5    ######.
 Petrify                  Tmut/Erth      #.......     78%         4    #####..
 Beastly Appendage        Tmut           ###...       11%         1    #......
 Gell's Gravitas          Tloc           #.........   71%         3    ###....
 Yara's Violent Unravell  Hex/Tmut       ##........   88%         5    ######.


Dungeon Overview and Level Annotations

Branches:
Dungeon (8/15)             Temple (0/1) D:4
   Lair: D:8-11

Altars:
Elyvilon
Fedhas
Gozag
Qazlal
Wu Jian

Annotations:
D:5 3 runed doors, Zgarb's ghost, novice TeSu


Innate Abilities, Weirdness & Mutations

You cannot wear most types of armour.
You are very stealthy in the water. (Stealth+)
((You are amphibious.))
You can wear up to eight rings at the same time.
((You can use your tentacles to constrict eight enemies at once.))
((Your skin changes colour to match your surroundings (Stealth+).))
((Your rubbery body absorbs attacks. (AC +1, EV +1)))


Message History

The cyan ugly thing is heavily wounded.
You feel very sick.
The cyan ugly thing completely misses you.
You barely miss the cyan ugly thing.
The cyan ugly thing is heavily wounded.
You feel very sick.
The cyan ugly thing seems less confused.
The cyan ugly thing barely misses you.
You bite the cyan ugly thing!
The cyan ugly thing is poisoned.
The cyan ugly thing is severely wounded.
You feel very sick. The cyan ugly thing misses you.
You barely miss the cyan ugly thing.
The cyan ugly thing is severely wounded.
* * * LOW HITPOINT WARNING * * *
You feel very sick. The cyan ugly thing stings you!
* * * LOW HITPOINT WARNING * * *
The cyan ugly thing shocks you!
You die...

###### #....#
####....####
#..........##
#............
#......#####.
##############......#
......).............#
S........su.........#
########.##########.#
#.# #... #.# #....
#.# #.... #.# #...
#.# #.... #..


You could see a cyan ugly thing.

Vanquished Creatures
  A two-headed ogre (D:8)
  Pikel (D:6)
  Prince Ribbit (D:6)
  A hippogriff (D:8)
  A spriggan (D:7)
  4 yaks (D:11)
  2 hungry ghosts
  3 orc warriors
  An ice beast (D:6)
  4 sky beasts
  2 slaves (D:6)
  2 phantoms
  An ogre (D:7)
  3 centaurs
  2 crocodiles (D:8)
  A big kobold (D:7)
  A gnoll sergeant (D:3)
  2 bullfrogs
  A water moccasin zombie (D:8)
  2 scorpions
  2 water moccasin skeletons
  3 wights (D:6)
  A howler monkey (D:4)
  2 crimson imps
  4 hounds
  A centaur skeleton (D:8)
  4 orc priests
  8 orc wizards
  Crazy Yiuf (D:6)
  A bullfrog skeleton (D:5)
  An iguana (D:4)
  Ijyb (D:5)
  4 worker ants
  2 hound zombies
  A mummy (D:7)
  A howler monkey zombie (D:8)
  3 worker ant zombies
  Robin (D:2)
  11 gnolls
  7 adders
  2 shadow imps
  An ooze (D:3)
  2 adder skeletons
  5 worms
  A dart slug (D:1)
  8 leopard geckos
  33 orcs
  12 bats
  8 giant cockroaches
  18 goblins
  14 hobgoblins
  13 jackals
  3 quokkas
  2 frilled lizards
  2 hobgoblin zombies (D:7)
  2 jackal skeletons (D:4)
  11 kobolds
  A kobold zombie (D:7)
  A leopard gecko zombie (D:8)
  An orc zombie (D:7)
  7 rats
242 creatures vanquished.

Vanquished Creatures (others)
  A slave (D:6)
  A bullfrog (D:6)
2 creatures vanquished.

Grand Total: 244 creatures vanquished

Notes
Turn   | Place    | Note
-------+----------+-------------------------------------------
     0 | D:1      | sking99 the Octopode Transmuter began the quest for the Orb.
     0 | D:1      | Reached XP level 1. HP: 13/13 MP: 3/3
    82 | D:1      | Reached XP level 2. HP: 4/18 MP: 3/5
   620 | D:1      | Learned a level 2 spell: Sticks to Snakes
   831 | D:1      | Reached XP level 3. HP: 22/24 MP: 6/6
   874 | D:1      | Learned a level 3 spell: Spider Form
  1224 | D:2      | Noticed Robin
  1228 | D:2      | Reached skill level 4 in Unarmed Combat
  1232 | D:2      | Killed Robin
  1500 | D:2      | Reached skill level 1 in Poison Magic
  1505 | D:2      | Reached XP level 4. HP: 26/29 MP: 3/7
  1862 | D:2      | Found an ornate altar of the Wu Jian Council.
  1874 | D:2      | Became a worshipper of the Wu Jian Council
  2400 | D:3      | Reached XP level 5. HP: 31/34 MP: 0/8
  2556 | D:3      | Reached * piety under Wu Jian
  2874 | D:3      | Reached skill level 5 in Unarmed Combat
  2886 | D:3      | Reached XP level 6. HP: 13/39 MP: 6/9
  3965 | D:4      | Reached skill level 6 in Unarmed Combat
  4000 | D:4      | Found a staircase to the Ecumenical Temple.
  4010 | D:4      | Reached XP level 7. HP: 14/45 MP: 3/10
  4731 | D:4      | Reached ** piety under Wu Jian
  4858 | D:5      | Entered Level 5 of the Dungeon
  4858 | D:5      | Found an opulent altar of Gozag.
  4858 | D:5      | Found a stormy altar of Qazlal.
  4872 | D:5      | Learned a level 1 spell: Confusing Touch
  4933 | D:5      | Reached skill level 7 in Unarmed Combat
  4984 | D:5      | Found a blossoming altar of Fedhas.
  5133 | D:5      | Reached skill level 1 in Hexes
  5259 | D:5      | Reached XP level 8. HP: 4/51 MP: 8/11
  5708 | D:5      | Noticed Ijyb
  5719 | D:5      | Killed Ijyb
  6056 | D:5      | Found a white marble altar of Elyvilon.
  6057 | D:5      | Found a runed door.
  6057 | D:5      | Noticed an angel
  6096 | D:5      | Found a runed door.
  6118 | D:5      | Noticed Zgarb's ghost (novice TeSu)
  6141 | D:5      | Found a runed door.
  6314 | D:6      | HP: 1/52 [something (5)]
  6624 | D:6      | Noticed Prince Ribbit
  6665 | D:6      | Reached skill level 8 in Unarmed Combat
  6752 | D:6      | Reached *** piety under Wu Jian
  7237 | D:6      | Reached XP level 9. HP: 52/58 MP: 8/12
  7245 | D:6      | Killed Prince Ribbit
  7276 | D:6      | Found a runed door.
  7357 | D:6      | Noticed Pikel
  7374 | D:6      | Killed Pikel
  7374 | D:6      | Reached skill level 9 in Unarmed Combat
  7666 | D:6      | Noticed Crazy Yiuf
  7672 | D:6      | Killed Crazy Yiuf
  7672 | D:6      | Reached skill level 5 in Fighting
  7758 | D:7      | Reached skill level 5 in Dodging
  8288 | D:7      | Reached skill level 10 in Unarmed Combat
  8292 | D:7      | Reached **** piety under Wu Jian
  8752 | D:7      | Reached XP level 10. HP: 68/68 MP: 9/13
  9161 | D:8      | Noticed a two-headed ogre
  9174 | D:8      | Killed a two-headed ogre
  9332 | D:8      | Reached skill level 11 in Unarmed Combat
  9487 | D:8      | Learned a level 4 spell: Ice Form
 10016 | D:8      | Reached skill level 1 in Ice Magic
 10020 | D:8      | You fall through a shaft for 3 floors!
 10297 | D:11     | Noticed a green ugly thing
 10314 | D:11     | Mangled by a cyan ugly thing

Vault maps used:
D:1:      dpeg_arrival_tiny_k
D:2:      lemuel_crystal_altar, first_ration, uniq_robin
D:3:      roderic_serpentine_path
D:4:      minmay_temple_entry_mist, grunt_ministairs_7
D:5:      fedhas_bush_and_centaur_altar,
          chequers_temple_overflow_statue_of_worship, ebering_ghost_sewer_f,
          lemuel_angel_altar, uniq_ijyb
D:6:      uniq_prince_ribbit1, uniq_crazy_yiuf_cottage, uniq_pikel
D:7:      the_bakery, minmay_mini_ossuary
D:8:      minmay_misc_feat_plants
D:11:     erik_lair_island, erik_orc_1, serial_shops, shop,
          gammafunk_ghost_necromancy, uniq_urug, uniq_psyche

Skill      XL: |  1  2  3  4  5  6  7  8  9 10 |
---------------+-------------------------------+-----
Unarmed Combat | 4 5 6 7 8 10 11 | 11.3
Fighting       | 2 4 5 6 |  6.9
Poison Magic   | 1 2 |  2.0
Transmutations | 3 4 |  4.6
Hexes          | 1 3 |  3.1
Dodging        | 4 5 6 |  6.8
Ice Magic      | 1 |  1.7
Spellcasting   | |  2.0

Action                   |  1- 3 |  4- 6 |  7- 9 | 10-12 || total
-------------------------+-------+-------+-------+-------++-------
Melee: Unarmed           |   103 |   170 |   355 |   144 ||   772
       Constrict         |    28 |    12 |    10 |     2 ||    52
       Tentacles         |     8 |     9 |     5 |     7 ||    29
       Kick              |     4 |     1 |       |       ||     5
       Punch             |     2 |     6 |     4 |     3 ||    15
 Cast: Beastly Appendage |     6 |     2 |       |       ||     8
       Spider Form       |     3 |    18 |    43 |    13 ||    77
       Confusing Touch   |       |       |     2 |     2 ||     4
Invok: Lunge             |       |    13 |    38 |     9 ||    60
       Whirlwind         |       |     1 |    10 |    10 ||    21
       Wall Jump         |       |       |    13 |     5 ||    18
  Use: Potion            |     1 |       |     5 |     1 ||     7
       Scroll            |       |    10 |     3 |     3 ||    16
 Stab: Sleeping          |     6 |     3 |     3 |     2 ||    14
       Confused          |       |       |       |     2 ||     2
  Eat: Chunk             |     2 |    11 |    15 |    17 ||    45
       Ration            |       |       |     2 |       ||     2
Armor: Skin              |    18 |     7 |    13 |     2 ||    40
Dodge: Dodged            |    98 |   101 |   198 |   131 ||   528

Table legend:
 A = Spawn XP
 B = Non-spawn XP
 C = Spawn XP percentage of total XP
 D = Spawn monster count
 E = Non-spawn monster count
 F = Spawn count percentage of total count
 G = Total turns spent on level
                    A         B        C        D         E        F      G
               +---------+---------+-------+---------+---------+-------+---------
         Total |       0 |    8257 |   0.0 |       0 |     240 |   0.0 | 10314
               +---------+---------+-------+---------+---------+-------+---------
           D:1 |       0 |      39 |   0.0 |       0 |      24 |   0.0 |  1033
           D:2 |       0 |      92 |   0.0 |       0 |      34 |   0.0 |  1448
           D:3 |       0 |     264 |   0.0 |       0 |      37 |   0.0 |  1112
           D:4 |       0 |     492 |   0.0 |       0 |      23 |   0.0 |  1503
           D:5 |       0 |     596 |   0.0 |       0 |      25 |   0.0 |  1198
           D:6 |       0 |    1890 |   0.0 |       0 |      28 |   0.0 |  1436
           D:7 |       0 |    1509 |   0.0 |       0 |      37 |   0.0 |  1220
           D:8 |       0 |    2559 |   0.0 |       0 |      28 |   0.0 |  1070
          D:11 |       0 |     816 |   0.0 |       0 |       4 |   0.0 |   294
               +---------+---------+-------+---------+---------+-------+---------
